| TOP OF THE 1ST |
|
Orem Owlz batting - Pitching for Baltimore (APP) Orioles : LHP Jim Walker
|
|
Pitching: LHP Jim Walker
|
|
|
Batting: RHB Fernando Sosa
|
0-0: Foul Ball, location: 2F 0-1: Ball 1-1: Ball 2-1: Ball 3-1: Called Strike 3-2: Base on Balls
|
|
Batting: RHB Fred Saxton
|
0-0: DOUBLE (Line Drive, 7LS, EV 105.0 MPH) Fernando Sosa to third
|
|
Batting: RHB Carlos Gonzales
|
0-0: Fly out, F8 (Line Drive, 8LM, EV 90.6 MPH)
|
|
Batting: RHB Daniel Molina
|
0-0: Foul Ball, location: 2F 0-1: Foul Ball, location: 2F 0-2: SINGLE (Groundball, P, EV 84.4 MPH) (infield hit) Fernando Sosa scores Fred Saxton to third
|
|
Batting: LHB David Coatney
|
0-0: Called Strike 0-1: Swinging Strike 0-2: Ball 1-2: Foul Ball, location: 2F 1-2: Ball 2-2: DOUBLE (Line Drive, 9LM, EV 108.8 MPH) Fred Saxton scores Daniel Molina to third
|
|
Batting: RHB Jesse Sargent
|
0-0: 3-RUN HOME RUN (Flyball, 7D, EV 97.5 MPH), Distance : 397 ft
|
|
Batting: SHB Cesar Carrasquillo
|
0-0: Ball 1-0: Ball 2-0: Ball 3-0: Base on Balls
|
|
Batting: RHB Brian Bonin
|
0-0: Ball 1-0: Ball 2-0: Ground out 6-3 (Groundball, 6MD, EV 106.2 MPH) Cesar Carrasquillo to second
|
|
Batting: RHB Steve Neely
|
0-0: Foul Ball, location: 2F 0-1: SINGLE (Groundball, 56D, EV 101.2 MPH) Cesar Carrasquillo to third Runner from 3rd tries for Home, SAFE, throw by LF to home
|
|
Pitching: RHP J.J. Maetzold
|
|
|
Batting: RHB Fernando Sosa
|
0-0: Ball Pickoff Throw by Catcher to First - Out!
|
| Top of the 1st over - 6 runs, 5 hits, 0 errors, 0 left on base; Orem 6 - Baltimore (APP) 0 |
| BOTTOM OF THE 1ST |
|
Baltimore (APP) Orioles batting - Pitching for Orem Owlz : LHP Jon Lawson
|
|
Pitching: LHP Jon Lawson
|
|
|
Batting: RHB Pedro Luera
|
0-0: Called Strike 0-1: Swinging Strike 0-2: Strikes out swinging
|
|
Batting: LHB Ivan Alvarez
|
0-0: Ball 1-0: Called Strike 1-1: Ball 2-1: Foul Ball, location: 2F 2-2: Ball 3-2: Base on Balls
|
|
Batting: RHB Mike Trueblood
|
0-0: Ball 1-0: Foul Ball, location: 2F 1-1: Fielders Choice at 2nd, 6-4 (Groundball, 6, EV 89.4 MPH)
|
|
Batting: LHB Chris Cohen
|
0-0: Ball 1-0: Ball 2-0: Ground out U3 (Groundball, 3L, EV 87.5 MPH)
|
| Bottom of the 1st over - 0 runs, 0 hits, 0 errors, 1 left on base; Orem 6 - Baltimore (APP) 0 |
| TOP OF THE 2ND |
|
Orem Owlz batting - Pitching for Baltimore (APP) Orioles : RHP J.J. Maetzold
|
|
Batting: RHB Fernando Sosa
|
0-0: Called Strike 0-1: Swinging Strike 0-2: Foul Ball, location: 2F 0-2: Ball 1-2: Strikes out swinging
|
|
Batting: RHB Fred Saxton
|
0-0: Ball 1-0: Foul Ball, location: 2F 1-1: Ball 2-1: Foul Ball, location: 2F 2-2: Strikes out swinging
|
|
Batting: RHB Carlos Gonzales
|
0-0: Ball 1-0: Called Strike 1-1: Ground out 6-3 (Groundball, 6, EV 89.4 MPH)
|
| Top of the 2nd over - 0 runs, 0 hits, 0 errors, 0 left on base; Orem 6 - Baltimore (APP) 0 |
| BOTTOM OF THE 2ND |
|
Baltimore (APP) Orioles batting - Pitching for Orem Owlz : LHP Jon Lawson
|
|
Batting: RHB Imbart van Rens
|
0-0: Swinging Strike 0-1: Ball 1-1: Ground out 6-3 (Groundball, 6, EV 86.2 MPH)
|
|
Batting: LHB Robert Ortiz
|
0-0: Called Strike 0-1: Swinging Strike 0-2: Foul Ball, location: 2F 0-2: Ball 1-2: Foul Ball, location: 2F 1-2: Foul Ball, location: 2F 1-2: Foul Ball, location: 2F 1-2: Foul Ball, location: 2F 1-2: Ball 2-2: Foul Ball, location: 2F 2-2: Foul Ball, location: 2F 2-2: Foul Ball, location: 2F 2-2: Ball 3-2: Foul Ball, location: 2F 3-2: Strikes out swinging
|
|
Batting: RHB Matt Wallace
|
0-0: Ball 1-0: Ball 2-0: Foul Ball, location: 2F 2-1: Swinging Strike 2-2: Strikes out swinging
|
| Bottom of the 2nd over - 0 runs, 0 hits, 0 errors, 0 left on base; Orem 6 - Baltimore (APP) 0 |
| TOP OF THE 3RD |
|
Orem Owlz batting - Pitching for Baltimore (APP) Orioles : RHP J.J. Maetzold
|
|
Batting: RHB Daniel Molina
|
0-0: Called Strike 0-1: Foul Ball, location: 2F 0-2: Strikes out swinging
|
|
Batting: LHB David Coatney
|
0-0: Ball 1-0: Called Strike 1-1: Ball 2-1: Ball 3-1: Base on Balls
|
|
Batting: RHB Jesse Sargent
|
0-0: Called Strike 0-1: Foul Ball, location: 2F 0-2: Grounds into double play, 5-4-3 (Groundball, 56S, EV 90.6 MPH)
|
| Top of the 3rd over - 0 runs, 0 hits, 0 errors, 0 left on base; Orem 6 - Baltimore (APP) 0 |
| BOTTOM OF THE 3RD |
|
Baltimore (APP) Orioles batting - Pitching for Orem Owlz : LHP Jon Lawson
|
|
Batting: RHB Adam Beal
|
0-0: Swinging Strike 0-1: Ball 1-1: Ball 2-1: Ball 3-1: Swinging Strike 3-2: Strikes out swinging
|
|
Batting: RHB Jeff Parlo
|
0-0: Ball 1-0: Ball 2-0: Ball 3-0: Called Strike 3-1: Foul Ball, location: 2F 3-2: Strikes out looking
|
|
Batting: RHB Pedro Luera
|
0-0: Foul Ball, location: 2F 0-1: Swinging Strike 0-2: Foul Ball, location: 2F 0-2: Strikes out swinging
|
| Bottom of the 3rd over - 0 runs, 0 hits, 0 errors, 0 left on base; Orem 6 - Baltimore (APP) 0 |
| TOP OF THE 4TH |
|
Orem Owlz batting - Pitching for Baltimore (APP) Orioles : RHP J.J. Maetzold
|
|
Batting: SHB Cesar Carrasquillo
|
0-0: Foul Ball, location: 2F 0-1: Foul Ball, location: 2F 0-2: Foul Ball, location: 2F 0-2: Ball 1-2: Strikes out swinging
|
|
Batting: RHB Brian Bonin
|
0-0: Ball 1-0: Foul Ball, location: 2F 1-1: Swinging Strike 1-2: Hit by Pitch
|
|
Batting: RHB Steve Neely
|
0-0: Ball 1-0: Called Strike 1-1: Called Strike 1-2: Strikes out swinging
|
|
Batting: RHB Fernando Sosa
|
0-0: Ball 1-0: Ball 2-0: Ball 3-0: Called Strike 3-1: Base on Balls Brian Bonin to second
|
|
Batting: RHB Fred Saxton
|
0-0: Ball 1-0: Ball 2-0: Ball 3-0: Called Strike 3-1: Called Strike 3-2: Fly out, F8 (Flyball, 8LD, EV 91.2 MPH)
|
| Top of the 4th over - 0 runs, 0 hits, 0 errors, 2 left on base; Orem 6 - Baltimore (APP) 0 |
| BOTTOM OF THE 4TH |
|
Baltimore (APP) Orioles batting - Pitching for Orem Owlz : LHP Jon Lawson
|
|
Batting: LHB Ivan Alvarez
|
0-0: SINGLE (Line Drive, 4D, EV 107.5 MPH)
|
|
Batting: RHB Mike Trueblood
|
0-0: Ball 1-0: Ball 2-0: Ball 3-0: Called Strike 3-1: DOUBLE (Line Drive, 89XD, EV 99.4 MPH) Ivan Alvarez to third
|
|
Batting: LHB Chris Cohen
|
0-0: Called Strike 0-1: Called Strike 0-2: Ball 1-2: Foul Ball, location: 2F 1-2: Ball 2-2: Ball 3-2: Base on Balls
|
|
Batting: RHB Imbart van Rens
|
0-0: Called Strike 0-1: Ball 1-1: Ball 2-1: Fly out, F3 (Popup, 3SF, EV 73.1 MPH)
|
|
Batting: LHB Robert Ortiz
|
0-0: Called Strike 0-1: Swinging Strike 0-2: Strikes out swinging
|
|
Batting: RHB Matt Wallace
|
0-0: Called Strike 0-1: Ball 1-1: Fielders Choice at 2nd, 6-4 (Groundball, 6, EV 84.4 MPH)
|
| Bottom of the 4th over - 0 runs, 2 hits, 0 errors, 3 left on base; Orem 6 - Baltimore (APP) 0 |
| TOP OF THE 5TH |
|
Orem Owlz batting - Pitching for Baltimore (APP) Orioles : RHP J.J. Maetzold
|
|
Batting: RHB Carlos Gonzales
|
0-0: Called Strike 0-1: Ball 1-1: Ball 2-1: Ball 3-1: Foul Ball, location: 2F 3-2: Strikes out swinging
|
|
Batting: RHB Daniel Molina
|
0-0: Called Strike 0-1: Swinging Strike 0-2: Hit by Pitch
|
|
Batting: LHB David Coatney
|
0-0: Ball 1-0: Foul Ball, location: 2F 1-1: Ball 2-1: Ground out U3 (Groundball, 3S, EV 69.4 MPH) Daniel Molina to second
|
|
Batting: RHB Jesse Sargent
|
0-0: Ball 1-0: Ball 2-0: Ball Wild Pitch! Daniel Molina to third 3-0: Base on Balls
|
|
Batting: SHB Cesar Carrasquillo
|
0-0: Ball 1-0: Ball 2-0: Ball 3-0: Base on Balls Jesse Sargent to second
|
|
Batting: RHB Brian Bonin
|
0-0: Swinging Strike 0-1: Foul Ball, location: 2F 0-2: Ball 1-2: Ball 2-2: Strikes out swinging
|
| Top of the 5th over - 0 runs, 0 hits, 0 errors, 3 left on base; Orem 6 - Baltimore (APP) 0 |
| BOTTOM OF THE 5TH |
|
Baltimore (APP) Orioles batting - Pitching for Orem Owlz : LHP Jon Lawson
|
|
Pitching: LHP Yee Koh
|
|
|
Batting: RHB Adam Beal
|
0-0: Called Strike 0-1: Ball 1-1: Ball 2-1: SINGLE (Flyball, 9LS, EV 95.0 MPH)
|
|
Batting: RHB Jeff Parlo
|
0-0: Ball 1-0: Hit by Pitch Adam Beal to second
|
|
Batting: RHB Pedro Luera
|
0-0: Ball 1-0: Ball 2-0: Foul Ball, location: 2F 2-1: Swinging Strike 2-2: Ball 3-2: Strikes out swinging
|
|
Batting: LHB Ivan Alvarez
|
0-0: Foul Ball, location: 2F 0-1: Foul Ball, location: 2F 0-2: Ball 1-2: Strikes out looking
|
|
Batting: RHB Mike Trueblood
|
0-0: Ball 1-0: Ball 2-0: Foul Ball, location: 2F 2-1: Foul Ball, location: 2F 2-2: Strikes out swinging
|
| Bottom of the 5th over - 0 runs, 1 hit, 0 errors, 2 left on base; Orem 6 - Baltimore (APP) 0 |
| TOP OF THE 6TH |
|
Orem Owlz batting - Pitching for Baltimore (APP) Orioles : RHP J.J. Maetzold
|
|
Pitching: LHP Gilberto Lugo
|
|
|
Batting: RHB Steve Neely
|
0-0: Ground out 5-3 (Groundball, 5, EV 88.1 MPH)
|
|
Batting: RHB Fernando Sosa
|
0-0: Ball 1-0: Called Strike 1-1: Foul Ball, location: 2F 1-2: Foul Ball, location: 2F 1-2: Foul Ball, location: 2F 1-2: Fly out, F8 (Flyball, 8RD, EV 81.9 MPH)
|
|
Batting: RHB Fred Saxton
|
0-0: Foul Ball, location: 2F 0-1: Ball 1-1: Swinging Strike 1-2: Strikes out swinging
|
| Top of the 6th over - 0 runs, 0 hits, 0 errors, 0 left on base; Orem 6 - Baltimore (APP) 0 |
| BOTTOM OF THE 6TH |
|
Baltimore (APP) Orioles batting - Pitching for Orem Owlz : LHP Yee Koh
|
|
Batting: LHB Chris Cohen
|
0-0: Foul Ball, location: 2F 0-1: Ball 1-1: Ball 2-1: Called Strike 2-2: Foul Ball, location: 2F 2-2: Foul Ball, location: 2F 2-2: Foul Ball, location: 2F 2-2: Ground out 4-3 (Groundball, 4, EV 103.1 MPH)
|
|
Pitching: RHP Jim Sawicki
|
|
|
Batting: RHB Imbart van Rens
|
0-0: Called Strike 0-1: Ball 1-1: Swinging Strike 1-2: Foul Ball, location: 2F 1-2: Strikes out swinging
|
|
Batting: LHB Robert Ortiz
|
0-0: Called Strike 0-1: Ground out 4-3 (Groundball, 4MD, EV 101.9 MPH)
|
| Bottom of the 6th over - 0 runs, 0 hits, 0 errors, 0 left on base; Orem 6 - Baltimore (APP) 0 |
| TOP OF THE 7TH |
|
Orem Owlz batting - Pitching for Baltimore (APP) Orioles : LHP Gilberto Lugo
|
|
Batting: RHB Carlos Gonzales
|
0-0: Ball 1-0: Foul Ball, location: 2F 1-1: Ball 2-1: Ball 3-1: Foul Ball, location: 2F 3-2: Base on Balls
|
|
Batting: RHB Daniel Molina
|
0-0: Swinging Strike 0-1: Ball 1-1: Ball 2-1: Foul Ball, location: 2F 2-2: Foul Ball, location: 2F 2-2: Foul Ball, location: 2F 2-2: Strikes out swinging
|
|
Batting: LHB David Coatney
|
0-0: Called Strike 0-1: Hit by Pitch Carlos Gonzales to second
|
|
Batting: RHB Jesse Sargent
|
0-0: Foul Ball, location: 2F 0-1: Ball 1-1: Fly out, F9 (Flyball, 9D, EV 100.0 MPH)
|
|
Batting: SHB Cesar Carrasquillo
|
0-0: Hit by Pitch Carlos Gonzales to third David Coatney to second
|
|
Batting: RHB Brian Bonin
|
0-0: SINGLE (Flyball, 89S, EV 96.9 MPH) Carlos Gonzales scores David Coatney to third Cesar Carrasquillo to second Throwing error, E9 David Coatney scores Cesar Carrasquillo to third Brian Bonin to second
|
|
Batting: RHB Steve Neely
|
0-0: Ball 1-0: SINGLE (Line Drive, 9LS, EV 93.8 MPH) Cesar Carrasquillo scores Brian Bonin to third Runner from 3rd tries for Home, throw by RF and OUT! 9-2
|
| Top of the 7th over - 3 runs, 2 hits, 1 error, 1 left on base; Orem 9 - Baltimore (APP) 0 |
| BOTTOM OF THE 7TH |
|
Baltimore (APP) Orioles batting - Pitching for Orem Owlz : RHP Jim Sawicki
|
|
DELAY
|
Rain delay of 67 minutes in the 7th inning.
|
|
Pinch Hitting: LHB Mike Murphy
|
0-0: Called Strike 0-1: Ball 1-1: Fly out, F8 (Flyball, 8RD, EV 105.0 MPH)
|
|
Batting: RHB Adam Beal
|
0-0: Ball 1-0: Ball 2-0: Swinging Strike 2-1: Ground out 2-3 (Groundball, 2L, EV 66.2 MPH)
|
|
Batting: RHB Jeff Parlo
|
0-0: Foul Ball, location: 2F 0-1: Ball 1-1: Ball 2-1: TRIPLE (Groundball, 3L, EV 110.0 MPH)
|
|
Batting: RHB Pedro Luera
|
0-0: Foul Ball, location: 2F 0-1: Ball 1-1: Fly out, F8 (Flyball, 8LS, EV 88.1 MPH)
|
| Bottom of the 7th over - 0 runs, 1 hit, 0 errors, 1 left on base; Orem 9 - Baltimore (APP) 0 |
| TOP OF THE 8TH |
|
Orem Owlz batting - Pitching for Baltimore (APP) Orioles : LHP Gilberto Lugo
|
|
Now in LF: Mike Murphy
|
|
|
Batting: RHB Fernando Sosa
|
0-0: Foul Ball, location: 2F 0-1: Foul Ball, location: 2F 0-2: Ball 1-2: Ground out 6-3 (Groundball, 6, EV 88.8 MPH)
|
|
Pitching: RHP Safe-eldin Enobakhare
|
|
|
Batting: RHB Fred Saxton
|
0-0: Ball 1-0: Ball 2-0: Foul Ball, location: 2F 2-1: Ball 3-1: SINGLE (Groundball, 56D, EV 95.0 MPH)
|
|
Batting: RHB Carlos Gonzales
|
0-0: Ball 1-0: Foul Ball, location: 2F 1-1: Ball 2-1: 2-RUN HOME RUN (Flyball, 9D, EV 104.4 MPH), Distance : 380 ft
|
|
Batting: RHB Daniel Molina
|
0-0: Called Strike 0-1: Swinging Strike 0-2: Ball 1-2: Foul Ball, location: 2F 1-2: Ball 2-2: Ball 3-2: Base on Balls
|
|
Batting: LHB David Coatney
|
0-0: Called Strike 0-1: Ball Wild Pitch! Daniel Molina to second 1-1: Ball 2-1: Ball 3-1: Called Strike 3-2: Foul Ball, location: 2F 3-2: Strikes out swinging
|
|
Batting: RHB Jesse Sargent
|
0-0: Ball 1-0: Foul Ball, location: 2F 1-1: Ball 2-1: Swinging Strike 2-2: Ball 3-2: Strikes out swinging, 2-3 out at first.
|
| Top of the 8th over - 2 runs, 2 hits, 0 errors, 1 left on base; Orem 11 - Baltimore (APP) 0 |
| BOTTOM OF THE 8TH |
|
Baltimore (APP) Orioles batting - Pitching for Orem Owlz : RHP Jim Sawicki
|
|
Pitching: RHP Carlos Olbera
|
|
|
Batting: LHB Ivan Alvarez
|
0-0: Ball 1-0: Ground out 4-3 (Groundball, 34, EV 83.8 MPH)
|
|
Batting: RHB Mike Trueblood
|
0-0: Foul Ball, location: 2F 0-1: Ball 1-1: Ball 2-1: Swinging Strike 2-2: Strikes out swinging
|
|
Pinch Hitting: RHB Aaron Elliott
|
0-0: Ball 1-0: Ground out 5-3 (Groundball, 56S, EV 82.5 MPH)
|
| Bottom of the 8th over - 0 runs, 0 hits, 0 errors, 0 left on base; Orem 11 - Baltimore (APP) 0 |
| TOP OF THE 9TH |
|
Orem Owlz batting - Pitching for Baltimore (APP) Orioles : RHP Safe-eldin Enobakhare
|
|
Now at 1B: Aaron Elliott
|
|
|
Batting: SHB Cesar Carrasquillo
|
0-0: SOLO HOME RUN (Flyball, 9LD, EV 92.5 MPH), Distance : 342 ft
|
|
Batting: RHB Brian Bonin
|
0-0: Ball 1-0: Swinging Strike 1-1: Swinging Strike 1-2: Ball 2-2: Strikes out swinging
|
|
Pinch Hitting: SHB Manuel Martinez
|
0-0: Called Strike 0-1: Called Strike 0-2: Strikes out looking
|
|
Batting: RHB Fernando Sosa
|
0-0: Ball 1-0: Called Strike 1-1: Foul Ball, location: 2F 1-2: Strikes out looking
|
| Top of the 9th over - 1 run, 1 hit, 0 errors, 0 left on base; Orem 12 - Baltimore (APP) 0 |
| BOTTOM OF THE 9TH |
|
Baltimore (APP) Orioles batting - Pitching for Orem Owlz : RHP Carlos Olbera
|
|
Now in RF: Bill Girton
|
|
|
Batting: RHB Imbart van Rens
|
0-0: Ball 1-0: Ball 2-0: Called Strike 2-1: Foul Ball, location: 2F 2-2: Strikes out swinging
|
|
Batting: LHB Robert Ortiz
|
0-0: Ground out U3 (Groundball, 34, EV 103.8 MPH)
|
|
Batting: LHB Mike Murphy
|
0-0: DOUBLE (Line Drive, 7LM, EV 86.2 MPH)
|
|
Batting: RHB Adam Beal
|
0-0: Ball 1-0: Ball 2-0: Ball 3-0: Called Strike 3-1: 2-RUN HOME RUN (Flyball, 89XD, EV 108.8 MPH), Distance : 434 ft
|
|
Pinch Hitting: LHB Shane Cruse
|
0-0: Ground out U3 (Groundball, 3, EV 87.5 MPH)
|
| Bottom of the 9th over - 2 runs, 2 hits, 0 errors, 0 left on base; Orem 12 - Baltimore (APP) 2 |
|